 Dungeon Crawl Stone Soup version 0.27.1-4-g1640c2035a (webtiles) character file.

Game seed: 13921207621727114483

9436 unlimited1921 the Ducker (level 11, 0/83 HPs)
             Began as a Gnoll Arcane Marksman on Nov 5, 2021.
             Was an Initiate of Gozag.
             Slain by a seven-headed hydra (1 damage)
             ... on level 11 of the Dungeon.
             The game lasted 02:33:20 (16729 turns).

unlimited1921 the Ducker (Gnoll Arcane Marksman)   Turns: 16729, Time: 02:33:23

Health: 0/83       AC: 12    Str: 10    XL:     11   Next: 46%
Magic:  18/21      EV: 16    Int: 13    God:    Gozag
Gold:   1702       SH:  0    Dex: 17    Spells: 7/24 levels left

rFire    + . .     SeeInvis +   D - +1 whip (flame)
rCold    + . .     Faith    .   (no shield)
rNeg     + . .     Spirit   .   v - +2 leather armour {rC+}
rPois    .         Reflect  .   P - +0 helmet
rElec    .         Harm     .   X - +2 cloak
rCorr    .         Rampage  .   I - +0 pair of gloves
Will     .....                  M - +0 pair of boots
Stlth    +++.......             q - amulet of regeneration
HPRegen  1.23/turn              u - ring "Gevaint" {rF+ rN+ Dex+2 SInv}
MPRegen  0.17/turn              Q - +4 ring of slaying

@: no status effects
A: fangs 1, strong nose, distributed training
a: Renounce Religion, Potion Petition, Call Merchant, Bribe Branch


You were on level 11 of the Dungeon.
You worshipped Gozag.
Gozag was most pleased with you.
You visited 1 branch of the dungeon, and saw 11 of its levels.

You collected 1975 gold pieces.
You spent 212 gold pieces at shops.
You paid 61 gold pieces to Gozag.

Inventory:

Hand Weapons
 a - a +0 hand crossbow
 d - a +4 whip of freezing
 t - a +5 hand axe
 y - a +0 scimitar
 D - a +1 whip of flaming (weapon)
 R - a +1 dagger of venom
 T - a +1 spear of freezing
 U - a +0 shortbow
Missiles
 b - 76 arrows
 c - 30 bolts
 i - 262 stones
 j - 19 poisoned darts
 n - 2 curare-tipped darts
 z - 122 sling bullets
 B - 21 boomerangs
 H - 6 silver javelins
 N - 6 throwing nets
Armour
 l - a +0 plate armour
 m - a +1 hat
 v - a +2 leather armour of cold resistance (worn)
 C - a +2 scale mail of cold resistance
 I - a +0 pair of gloves (worn)
 M - a +0 pair of boots (worn)
 P - a +0 helmet (worn)
 X - a +2 cloak (worn)
Jewellery
 h - an amulet of the acrobat
 q - an amulet of regeneration (around neck)
 u - the ring "Gevaint" (left hand) {rF+ rN+ Dex+2 SInv}
   (You acquired it on level 5 of the Dungeon)

   [ring of positive energy]

   Dex:       It affects your dexterity (+2).
   rF:        It protects you from fire.
   rN:        It protects you from negative energy.
   SInv:      It lets you see invisible.
 A - a ring of magical power
 Q - a +4 ring of slaying (right hand)
 S - the ring of Reimbursement {rCorr Int+5}
   (You acquired it on level 7 of the Dungeon)

   [ring of resist corrosion]

   Int:       It affects your intelligence (+5).
   rCorr:     It protects you from acid and corrosion.
 W - a ring of poison resistance
 Z - a ring of protection from cold
Wands
 E - a wand of digging (7)
 F - a wand of paralysis (7)
 O - a wand of iceblast (5) (quivered)
 V - a wand of acid (10)
Scrolls
 e - a scroll of silence
 g - 4 scrolls of teleportation
 k - a scroll of amnesia
 x - a scroll of fog
 K - a scroll of enchant weapon
Potions
 f - a potion of ambrosia
 p - a potion of mutation
 r - a potion of lignification
 s - a potion of berserk rage {unknown}
 w - 3 potions of flight
 G - 2 potions of resistance {unknown}
 J - 3 potions of haste
 L - a potion of curing
 Y - 2 potions of invisibility {unknown}
Miscellaneous
 o - a piece from Xom's chessboard (15/15)


   Skills:
 + Level 6.9 Fighting
 + Level 6.3 Short Blades
 + Level 6.3 Long Blades
 + Level 6.3 Axes
 + Level 6.3 Maces & Flails
 + Level 6.3 Polearms
 + Level 6.3 Staves
 + Level 6.3 Slings
 + Level 6.3 Bows
 + Level 7.9 Crossbows
 + Level 6.3 Throwing
 + Level 6.3 Armour
 + Level 7.9 Dodging
 + Level 6.3 Stealth
 + Level 6.3 Shields
 + Level 6.3 Unarmed Combat
 + Level 7.0 Spellcasting
 + Level 5.2 Conjurations
 + Level 7.6 Hexes
 + Level 5.2 Summonings
 + Level 5.2 Necromancy
 + Level 5.2 Translocations
 + Level 5.2 Transmutations
 + Level 5.2 Fire Magic
 + Level 5.2 Ice Magic
 + Level 5.2 Air Magic
 + Level 5.2 Earth Magic
 + Level 5.2 Poison Magic
 + Level 6.9 Invocations
 + Level 6.3 Evocations


You had 7 spell levels left.
You knew the following spells:

 Your Spells              Type           Power      Damage    Failure   Level
a - Corona                Hex            26%        N/A       1%          1
b - Slow                  Hex            24%        N/A       1%          2
c - Portal Projectile     Hex/Tloc       42%        N/A       4%          3
d - Inner Flame           Hex/Fire       21%        N/A       4%          3
e - Cause Fear            Hex            12%        N/A       9%          4
f - Sandblast             Erth           36%        2d10      2%          1
g - Call Canine Familiar  Summ           18%        N/A       7%          3

Your spell library contained the following spells:

 Spells                   Type           Power      Damage    Failure   Level
 Pain                     Necr           72%        1d7       2%          1
 Sting                    Tmut/Pois      72%        1d6       2%          1
 Passwall                 Tmut/Erth      15%        N/A       3%          2
 Leda's Liquefaction      Hex/Erth       10%        N/A       14%         4
 Yara's Violent Unravell  Hex/Tmut       10%        3d6       36%         5
 Agony                    Necr           18%        N/A       52%         5
 Excruciating Wounds      Necr           9%         N/A       52%         5
 Lee's Rapid Deconstruct  Erth           9%         3d8*      52%         5
 Statue Form              Tmut/Erth      12%        N/A       98%         6


Dungeon Overview and Level Annotations

Branches:
Dungeon (11/15)            Temple (0/1) D:4            Lair (0/6) D:10
    Orc: D:9-12

Altars:
Ashenzari
Cheibriados
Fedhas
Gozag
Hepliaklqana
Makhleb
Nemelex Xobeh
Uskayaw
Zin

Shops:
D:1 ([:   D:8 [

Annotations:
D:6 1 runed translucent door, iamoutofideas's ghost, novice DEFE


Innate Abilities, Weirdness & Mutations

You have very sharp teeth.
Your uncanny sense of smell can sniff out nearby items.
Your experience applies equally to all skills.


Message History

The seven-headed hydra closely misses you.
The seven-headed hydra completely misses you.
You are too injured to fight recklessly!
You are too injured to fight recklessly!
You are too injured to fight recklessly!
Your hound bites the seven-headed hydra.
The seven-headed hydra bites your hound!
The seven-headed hydra closely misses your hound.
The seven-headed hydra bites your hound!
The seven-headed hydra bites your hound but does no damage.
The seven-headed hydra bites your hound!
Your hound dies!
Your hound's corpse disappears in a puff of smoke!
The seven-headed hydra roars!
Aiming: Iceblast
Press: ? - help, Q - select action, (/) - cycle Shift-Dir - straight line, f/p - seven-headed hydra
Aim: a seven-headed hydra (heavily wounded)
The mass of ice explodes!
The iceblast engulfs the seven-headed hydra!!
The seven-headed hydra is almost dead.
You hit the seven-headed hydra. You burn the seven-headed hydra.
The seven-headed hydra is almost dead.
The seven-headed hydra bites you!
The seven-headed hydra bites you but does no damage.
The seven-headed hydra completely misses you.
The seven-headed hydra bites you! The seven-headed hydra bites you.
* * * LOW HITPOINT WARNING * * *
The seven-headed hydra bites you!
* * * LOW HITPOINT WARNING * * *
The seven-headed hydra bites you.
* * * LOW HITPOINT WARNING * * *
You feel better.
The seven-headed hydra barely misses you.
The seven-headed hydra misses you. x2; The seven-headed hydra bites you!
* * * LOW HITPOINT WARNING * * *
The seven-headed hydra bites you!
* * * LOW HITPOINT WARNING * * *
The seven-headed hydra bites you.
You die...
Your body crumbles into a pile of gold.

.......#####
...........#
.......###.#
....... #.# ∆ ∆
....?.. #.#
....... #.# $
....... #.#
#+#####
#.###############
#....D@........<#
#################


You could see a seven-headed hydra.

Vanquished Creatures
  Harold (D:8)
  A hydra (D:10)
  Pikel (D:5)
  2 centaur zombies (D:10)
  Joseph (D:7)
  2 kobold demonologists (D:10)
  A komodo dragon (D:10)
  A troll (D:10)
  2 hornets
  2 wraiths (D:9)
  7 yaks
  A vampire (D:10)
  2 steam dragons
  Menkaure (D:7)
  A water moccasin (D:6)
  2 ice beasts
  3 orc warriors (D:9)
  2 sky beasts
  A black bear (D:8)
  The ghost of GlazedDonut the Skirmisher, an amateur DrFi (D:3)
  5 ogres
  2 necrophages (D:6)
  2 centaurs
  A gnoll sergeant (D:7)
  2 kobold brigands (D:9)
  A bullfrog (D:6)
  3 scorpions
  5 killer bees (D:8)
  4 wights
  A lava snake (D:10)
  3 jellies
  3 hounds
  7 orc priests
  A bullfrog skeleton (D:6)
  A gnoll shaman (D:4)
  Jessica (D:2)
  6 iguanas
  Natasha (thrice) (D:2)
  6 orc wizards
  A killer bee zombie (D:8)
  A hound skeleton (D:4)
  A howler monkey zombie (D:8)
  5 adders
  9 gnolls
  A shadow imp (D:8)
  An ufetubus (D:6)
  An adder skeleton (D:4)
  2 worms
  2 dart slugs (D:1)
  30 orcs
  4 bats
  10 endoplasms
  6 giant cockroaches
  6 hobgoblins
  16 jackals
  6 quokkas
  8 ball pythons
  4 frilled lizards
  4 goblins
  30 kobolds
  8 rats
  A spectral hobgoblin (D:3)
249 creatures vanquished.

Vanquished Creatures (others)
  19 plants (D:10)
19 creatures vanquished.

Grand Total: 268 creatures vanquished

Notes
Turn   | Place    | Note
-------+----------+-------------------------------------------
     0 | D:1      | unlimited1921 the Gnoll Arcane Marksman began the quest for
                  | the Orb.
     0 | D:1      | Reached XP level 1. HP: 17/17 MP: 4/4
    77 | D:1      | Found Ryvvont's Weapon Emporium.
    91 | D:1      | Reached XP level 2. HP: 18/23 MP: 2/5
   511 | D:1      | Got the Tome of Changing
   606 | D:1      | Reached XP level 3. HP: 21/28 MP: 4/7
   846 | D:1      | Found Vedumace's Armour Emporium.
  1012 | D:1      | Reached skill level 1 in Invocations
  1104 | D:1      | Found Methaodis's Book Boutique.
  1975 | D:2      | Reached skill level 1 in Short Blades
  1975 | D:2      | Reached skill level 1 in Long Blades
  1975 | D:2      | Reached skill level 1 in Axes
  1975 | D:2      | Reached skill level 1 in Maces & Flails
  1975 | D:2      | Reached skill level 1 in Polearms
  1975 | D:2      | Reached skill level 1 in Staves
  1975 | D:2      | Reached skill level 1 in Slings
  1975 | D:2      | Reached skill level 1 in Bows
  1975 | D:2      | Reached skill level 1 in Throwing
  1975 | D:2      | Reached skill level 1 in Armour
  1975 | D:2      | Reached skill level 1 in Stealth
  1975 | D:2      | Reached skill level 1 in Shields
  1975 | D:2      | Reached skill level 1 in Unarmed Combat
  1975 | D:2      | Reached skill level 1 in Evocations
  3385 | D:2      | Noticed Natasha
  3390 | D:2      | Killed Natasha
  3391 | D:2      | Reached XP level 4. HP: 34/34 MP: 6/8
  3618 | D:2      | Reached skill level 1 in Conjurations
  3618 | D:2      | Reached skill level 1 in Summonings
  3618 | D:2      | Reached skill level 1 in Necromancy
  3618 | D:2      | Reached skill level 1 in Translocations
  3618 | D:2      | Reached skill level 1 in Transmutations
  3618 | D:2      | Reached skill level 1 in Fire Magic
  3618 | D:2      | Reached skill level 1 in Ice Magic
  3618 | D:2      | Reached skill level 1 in Air Magic
  3618 | D:2      | Reached skill level 1 in Earth Magic
  3618 | D:2      | Reached skill level 1 in Poison Magic
  3870 | D:2      | Noticed Jessica
  3873 | D:2      | Killed Jessica
  3874 | D:2      | Reached XP level 5. HP: 40/40 MP: 7/9
  4077 | D:2      | Noticed Natasha
  4082 | D:2      | Killed Natasha
  4301 | D:2      | Noticed Natasha
  4441 | D:2      | Killed Natasha
  4691 | D:2      | Learned a level 2 spell: Slow
  4695 | D:2      | Learned a level 3 spell: Portal Projectile
  4699 | D:2      | Learned a level 3 spell: Inner Flame
  4755 | D:3      | Found a runed translucent gate.
  4758 | D:3      | Found a runed translucent gate.
  4805 | D:3      | Found a runed translucent gate.
  4806 | D:3      | Found an opulent altar of Gozag.
  4807 | D:3      | Noticed an ogre
  4808 | D:3      | Noticed GlazedDonut's ghost (amateur DrFi)
  5176 | D:3      | Killed GlazedDonut's ghost
  5177 | D:3      | Reached XP level 6. HP: 47/47 MP: 8/11
  5319 | D:3      | Reached skill level 5 in Crossbows
  5319 | D:3      | Reached skill level 5 in Dodging
  5369 | D:3      | Became a worshipper of Gozag Ym Sagoz the Greedy
  5697 | D:3      | Found a faded altar of an unknown god.
  6116 | D:4      | Found a burning altar of Makhleb.
  6248 | D:4      | Found a snail-covered altar of Cheibriados.
  6248 | D:4      | Found a staircase to the Ecumenical Temple.
  6288 | D:4      | Reached XP level 7. HP: 43/52 MP: 8/12
  7117 | D:4      | Reached XP level 8. HP: 60/60 MP: 12/14
  7142 | D:4      | Found a sparkling altar of Nemelex Xobeh.
  7243 | D:4      | Found a broken altar of Ashenzari.
  7676 | D:4      | Found a hide-covered altar of Uskayaw.
  7722 | D:4      | Learned a level 4 spell: Cause Fear
  7724 | D:4      | Learned a level 1 spell: Sandblast
  7748 | D:5      | Entered Level 5 of the Dungeon
  8254 | D:5      | Noticed Pikel
  8263 | D:5      | Killed Pikel
  8274 | D:5      | Reached XP level 9. HP: 66/66 MP: 1/16
  8476 | D:5      | Identified a scroll of acquirement
  8478 | D:5      | Acquired the ring "Gevaint" {rF+ rN+ Dex+2 SInv}
  9416 | D:1      | Bought a +0 pair of boots for 63 gold pieces
  9549 | D:6      | Found a runed translucent door.
  9549 | D:6      | Noticed iamoutofideas's ghost (novice DEFE)
  9573 | D:6      | Found a glowing silver altar of Zin.
  9578 | D:6      | Found a hazy altar of Hepliaklqana.
  9584 | D:6      | Found a blossoming altar of Fedhas.
  9882 | D:6      | Reached skill level 5 in Spellcasting
 10060 | D:6      | Noticed a hornet
 10077 | D:6      | Killed a hornet
 10078 | D:6      | Reached skill level 5 in Fighting
 11200 | D:7      | Noticed Menkaure
 11202 | D:7      | Noticed Joseph
 11207 | D:7      | Killed Menkaure
 11220 | D:7      | Killed Joseph
 11221 | D:7      | Reached skill level 5 in Invocations
 11249 | D:7      | Acquired the ring of Reimbursement {rCorr Int+5}
 11822 | D:7      | Reached XP level 10. HP: 74/74 MP: 8/18
 11858 | D:7      | Identified the ring of Amar {Str+6 Int+3}
 12191 | D:8      | Found Ireps's Armour Shop.
 12328 | D:8      | Bought a +1 cloak for 149 gold pieces
 12362 | D:8      | Noticed Harold
 12380 | D:8      | Killed Harold
 12381 | D:8      | Reached skill level 5 in Short Blades
 12381 | D:8      | Reached skill level 5 in Long Blades
 12381 | D:8      | Reached skill level 5 in Axes
 12381 | D:8      | Reached skill level 5 in Maces & Flails
 12381 | D:8      | Reached skill level 5 in Polearms
 12381 | D:8      | Reached skill level 5 in Staves
 12381 | D:8      | Reached skill level 5 in Slings
 12381 | D:8      | Reached skill level 5 in Bows
 12381 | D:8      | Reached skill level 5 in Throwing
 12381 | D:8      | Reached skill level 5 in Armour
 12381 | D:8      | Reached skill level 5 in Stealth
 12381 | D:8      | Reached skill level 5 in Shields
 12381 | D:8      | Reached skill level 5 in Unarmed Combat
 12381 | D:8      | Reached skill level 5 in Evocations
 14582 | D:9      | Learned a level 3 spell: Call Canine Familiar
 14807 | D:10     | Entered Level 10 of the Dungeon
 14869 | D:10     | Reached XP level 11. HP: 75/83 MP: 14/20
 14952 | D:10     | Reached skill level 5 in Conjurations
 14952 | D:10     | Reached skill level 5 in Summonings
 14952 | D:10     | Reached skill level 5 in Necromancy
 14952 | D:10     | Reached skill level 5 in Translocations
 14952 | D:10     | Reached skill level 5 in Transmutations
 14952 | D:10     | Reached skill level 5 in Fire Magic
 14952 | D:10     | Reached skill level 5 in Ice Magic
 14952 | D:10     | Reached skill level 5 in Air Magic
 14952 | D:10     | Reached skill level 5 in Earth Magic
 14952 | D:10     | Reached skill level 5 in Poison Magic
 15250 | D:10     | Found a staircase to the Lair.
 16462 | D:11     | Noticed a four-headed hydra
 16508 | D:10     | Killed a four-headed hydra
 16707 | D:11     | Noticed a seven-headed hydra
 16729 | D:11     | HP: 1/83 [seven-headed hydra (8)]
 16729 | D:11     | Slain by a seven-headed hydra

Illustrated notes

Levels and vault maps discovered:
D:1:      dpeg_arrival_tiny_j, layout_loops_corners, serial_shops, shop,
          nicolae_diamond_shop, nicolae_shop_statue_plus
D:2:      layout_basic, corexii_corridor_pit, kennysheep_generic_room_3,
          uniq_natasha, uniq_jessica
D:3:      layout_basic, ebering_ghost_gozag,
          dreamdust_ecumenical_altar_drowned_temple, eino_curves_04
D:4:      layout_gridville, amcnicky_altar_gilded,
          mainiacjoe_overflow_surrounded_room, ashenzari_conservatory_becter,
          minitemple, temple_fountains
D:5:      layout_loops_ring, chequers_jeans, uniq_pikel
D:6:      layout_basic, minmay_overflow_temple_star_quad,
          hellmonk_ghost_happy_afterlife, hex_large
D:7:      layout_rooms, uniq_joseph, uniq_menkaure
D:8:      layout_basic, serial_shops, shop, hellmonk_bongcloud_opening,
          uniq_harold
D:9:      layout_basic, minmay_crystal_room
D:10:     layout_cave_pods, david_lair_shrubbed, kennysheep_cluttered_room,
          minmay_misc_feat_plants, kennysheep_windowed_goal
D:11:     layout_basic, gauntlet_entry_generic, hangedman_decor_peaks_small,
          uniq_nergalle

Skill      XL: |  1  2  3  4  5  6  7  8  9 10 11 |
---------------+----------------------------------+-----
Invocations    | 1 2 3 4 5 6 |  6.9
Short Blades   | 1 2 3 4 5 6 |  6.3
Long Blades    | 1 2 3 4 5 6 |  6.3
Axes           | 1 2 3 4 5 6 |  6.3
Maces & Flails | 1 2 3 4 5 6 |  6.3
Polearms       | 1 2 3 4 5 6 |  6.3
Staves         | 1 2 3 4 5 6 |  6.3
Slings         | 1 2 3 4 5 6 |  6.3
Bows           | 1 2 3 4 5 6 |  6.3
Throwing       | 1 2 3 4 5 6 |  6.3
Armour         | 1 2 3 4 5 6 |  6.3
Stealth        | 1 2 3 4 5 6 |  6.3
Shields        | 1 2 3 4 5 6 |  6.3
Unarmed Combat | 1 2 3 4 5 6 |  6.3
Evocations     | 1 2 3 4 5 6 |  6.3
Spellcasting   | 3 4 5 6 7 |  7.0
Conjurations   | 1 2 3 4 5 |  5.2
Summonings     | 1 2 3 4 5 |  5.2
Necromancy     | 1 2 3 4 5 |  5.2
Translocations | 1 2 3 4 5 |  5.2
Transmutations | 1 2 3 4 5 |  5.2
Fire Magic     | 1 2 3 4 5 |  5.2
Ice Magic      | 1 2 3 4 5 |  5.2
Air Magic      | 1 2 3 4 5 |  5.2
Earth Magic    | 1 2 3 4 5 |  5.2
Poison Magic   | 1 2 3 4 5 |  5.2
Fighting       | 3 4 5 6 |  6.9
Crossbows      | 5 6 7 |  7.9
Dodging        | 5 6 7 |  7.9
Hexes          | 6 7 |  7.6

Action                   |  1- 3 |  4- 6 |  7- 9 | 10-12 || total
-------------------------+-------+-------+-------+-------++-------
Melee: Spear             |    19 |       |       |    27 ||    46
       Whip              |    14 |       |    23 |    12 ||    49
       Bite              |     3 |       |     3 |    16 ||    22
       Mace              |     1 |     4 |       |       ||     5
       Unarmed           |       |     2 |       |       ||     2
       Hand crossbow     |       |     4 |       |       ||     4
       Flail             |       |       |    56 |       ||    56
       Punch             |       |       |     2 |     5 ||     7
       Scimitar          |       |       |       |    61 ||    61
 Fire: Hand crossbow     |    81 |   114 |   161 |    23 ||   379
       Shortbow          |       |       |       |    36 ||    36
Throw: Boomerang         |       |       |    11 |    24 ||    35
       Stone             |       |       |     3 |       ||     3
       Dart              |       |       |     8 |    37 ||    45
 Cast: Corona            |    50 |    32 |    25 |    11 ||   118
       Slow              |       |    10 |    17 |     5 ||    32
       Inner Flame       |       |     3 |    26 |    53 ||    82
       Sandblast         |       |       |       |     5 ||     5
       Portal Projectile |       |       |       |     2 ||     2
       Call Canine Famil |       |       |       |    11 ||    11
Evoke: Wand              |       |       |     1 |     3 ||     4
  Use: Scroll            |       |       |    13 |     5 ||    18
       Potion            |       |       |       |     1 ||     1
 Stab: Sleeping          |       |       |     2 |       ||     2
       Distracted        |       |       |       |     1 ||     1
Armor: Robe              |     4 |     8 |       |       ||    12
       Skin              |     1 |     3 |       |       ||     4
       Leather armour    |       |    12 |    49 |    68 ||   129
Dodge: Dodged            |    81 |    70 |    91 |   117 ||   359
       Rpst.: Scimitar   |       |       |       |     9 ||     9
